 Dungeon Crawl Stone Soup version 0.32-a0-361-g289a535e89 (webtiles) character file.

Game seed: 10841321965363582729

14435 ytrimaz the Cleaver (level 12, -4/78 HPs)
             Began as a Coglin Gladiator on Feb 18, 2024.
             Was a High Priest of Okawaru.
             Slain by a large slime creature (14 damage)
             ... on level 12 of the Dungeon on Feb 19, 2024.
             The game lasted 00:11:04 (8951 turns).

ytrimaz the Cleaver (Coglin Gladiator)              Turns: 8951, Time: 00:11:05

Health: -4/78      AC: 24    Str: 19    XL:     12   Next: 16%
Magic:  16/16      EV:  7    Int:  9    God:    Okawaru [*****.]
Gold:   612        SH:  0    Dex: 15    Spells: 8/11 levels left

rFire   . . .        a - +0 war axe (venom) {Ku-aya}
rCold   . . .        E - +4 hand axe (freeze) {Chisato}
rNeg    . . .        h - +0 plate armour
rPois   .            c - +1 helmet
rElec   .            v - +2 cloak
rCorr   +            (no gloves)
SInv    .            (no boots)
Will    .....        b - amulet of regeneration Stlth
                     J - +4 ring of protection
HPRegen 1.13/turn    C - ring of resist corrosion
MPRegen 0.15/turn

%: no passive effects
@: about to teleport
A: off-hand wielding, slow wielding, warmup strikes, warmup strides
a: Renounce Religion, Heroism, Finesse, Duel


You were on level 12 of the Dungeon.
You worshipped Okawaru.
Okawaru was extremely pleased with you.
You visited 2 branches of the dungeon, and saw 13 of its levels.

You collected 684 gold pieces.
You spent 72 gold pieces at shops.


Innate Abilities, Weirdness & Mutations

You can wield a second weapon in your off-hand.
It takes a long time for you to wield or remove held weapons.
Your first few attacks do less damage.
Your first movements take longer.


   Skills:
 - Level 2.0 Fighting
 + Level 12.9 Axes
 - Level 1.7 Throwing
 * Level 10.9 Armour
 - Level 2.6 Dodging
 + Level 5.7 Invocations
 - Level 7.0 Evocations


You had 8 spell levels left.
You knew the following spells:

 Your Spells              Type           Power      Damage    Failure   Level
a - Fugue of the Fallen   Necr           0%         N/A       100%        3

Your spell library contained the following spells:

 Spells                   Type           Power      Damage    Failure   Level
 Sandblast                Erth           0%         2d4       100%        1
 Ensorcelled Hibernation  Hex/Ice        0%         N/A       100%        2
 Jinxbite                 Hex            0%         N/A       100%        2
 Sublimation of Blood     Necr           0%         N/A       100%        2
 Passwall                 Erth           0%         N/A       100%        3
 Stone Arrow              Conj/Erth      0%         3d7       100%        3
 Volatile Blastmotes      Fire/Tloc      0%         2d10      100%        3
 Anguish                  Hex/Necr       0%         N/A       100%        4
 Brom's Barrelling Bould  Conj/Erth      0%         2d3       100%        4
 Fulminant Prism          Conj/Alch      0%         3d5       100%        4
 Iskenderun's Mystic Bla  Conj/Tloc      0%         2d3       100%        4
 Vhi's Electric Charge    Tloc/Air       0%         N/A       100%        4
 Arcjolt                  Conj/Air       0%         1d10      100%        5
 Yara's Violent Unravell  Hex/Alch       0%         3d3       100%        5
 Enfeeble                 Hex            0%         N/A       100%        7
 Borgnjor's Revivificati  Necr           0%         N/A       100%        8
 Maxwell's Capacitive Co  Air            0%         ∞         100%        8
 Death's Door             Necr           0%         N/A       100%        9
 Call Imp                 Summ           Unusable   N/A       N/A         2
 Haunt                    Necr/Summ      Unusable   N/A       N/A         7
 Summon Hydra             Summ           Unusable   N/A       N/A         7

Inventory:

Hand Weapons
 a - a +0 war axe of venom (weapon) {Ku-aya}
 i - a +0 war axe {Udom}
   (You found it on level 1 of the Dungeon)
 z - the +6 spear "Vuyfev" {venom, rPois Dex+4}
   (You found it on level 6 of the Dungeon)

   Dex+4:     It affects your dexterity (+4).
   rPois:     It protects you from poison
 E - a +4 hand axe of freezing (worn) {Chisato}
   (You took it off an orc on level 8 of the Dungeon)
Missiles
 d - 4 throwing nets
 e - a javelin
Armour
 c - a +1 helmet (worn)
 h - a +0 plate armour (worn)
   (You found it on level 1 of the Dungeon)
 n - a +0 scale mail
   (You found it on level 2 of the Dungeon)
 v - a +2 cloak (worn)
   (You found it on level 4 of the Dungeon)
 B - +0 steam dragon scales
   (You found it on level 6 of the Dungeon)
Jewellery
 b - an amulet of regeneration (around neck)
   (You found it on level 7 of the Dungeon)
 g - an amulet of the acrobat
   (You found it on level 2 of the Dungeon)
 j - a +6 ring of strength
   (You found it on level 9 of the Dungeon)
 y - a ring of protection from fire
   (You found it on level 5 of the Dungeon)
 C - a ring of resist corrosion (right grasper)
   (You found it on level 8 of the Dungeon)
 F - a +5 ring of evasion
   (You found it on level 8 of the Dungeon)
 J - a +4 ring of protection (left grasper)
   (You found it on level 8 of the Dungeon)
 K - a ring of flight
   (You found it on level 9 of the Dungeon)
Wands
 s - a wand of quicksilver (2) (quivered)
   (You took it off a kobold on level 4 of the Dungeon)
 H - a wand of iceblast (4)
   (You found it on level 8 of the Dungeon)
Scrolls
 l - a scroll of identify
 m - 3 scrolls of enchant weapon
 q - a scroll of silence
 t - 2 scrolls of fog
 A - 2 scrolls of teleportation
 G - 2 scrolls of enchant armour
Potions
 f - a potion of curing
 k - a potion of ambrosia
 o - a potion of resistance {unknown}
 p - 2 potions of attraction
 u - 3 potions of mutation {unknown}
 w - 2 potions of berserk rage {unknown}
 I - a potion of enlightenment {unknown}
 L - a potion of cancellation {unknown}
 M - a potion of lignification {unknown}
 N - a potion of magic {unknown}

Dungeon Overview and Level Annotations

Branches:
Dungeon (13/15) Zot: 26933  Temple (1/1) D:6 Zot: 5978    Lair (0/5) D:9
    Orc (0/2) D:9
 Vaults: D:13-14

Altars:
Ashenzari
Cheibriados
Dithmenos
Elyvilon
Fedhas
Gozag
Hepliaklqana
Kikubaaqudgha
Makhleb
Nemelex Xobeh
Okawaru
Qazlal
Ru
Sif Muna
Trog
Uskayaw
Vehumet
Wu Jian
Xom
Yredelemnul
Zin
The Shining One

Shops:
D:9 ?

Annotations:
D:3 1 runed translucent door, Crazy Yiuf

#..<.........#
#.........<..#
#............#
+............#
#............#
#............#
###'##########
#.....J###
######J@.#
#########'##
#..........#
#..........#
#.....)....#
+..........#
#..........#
#....>.....#
#..........#


You could see 2 large slime creatures.


Message History

You hit the slime creature but do no damage.
You slash the slime creature with your +4 hand axe of freezing!
You freeze the slime creature.
You hit the very large slime creature with your +4 hand axe of freezing.
You freeze the very large slime creature.
You hit the slime creature with your +4 hand axe of freezing.
You freeze the slime creature. 😮 HP[-4]
You take 4 damage, and now have 53/78 hp.
You are too injured to fight recklessly!
Unknown command.
You are too injured to fight recklessly!
You slash the very large slime creature with your +4 hand axe of freezing!
You freeze the very large slime creature.
You hit the slime creature with your +4 hand axe of freezing.
You freeze the slime creature.
You hit the slime creature with your +4 hand axe of freezing.
You freeze the slime creature.
You barely miss the very large slime creature with your +0 war axe of venom.
You hit the slime creature with your +0 war axe of venom. x2
The slime creature hits you but does no damage.
The slime creature barely misses you. 😮 HP[+1]
You are too injured to fight recklessly!
You hit the very large slime creature with your +0 war axe of venom.
The very large slime creature is poisoned.
You hit the slime creature with your +0 war axe of venom.
You slash the slime creature with your +0 war axe of venom!
You slash the very large slime creature with your +4 hand axe of freezing!
You freeze the very large slime creature.
You hit the slime creature with your +4 hand axe of freezing.
You freeze the slime creature.
You barely miss the slime creature with your +4 hand axe of freezing.
The slime creature hits you.
The very large slime creature hits you!!
* * * LOW HITPOINT WARNING * * *
The slime creature hits you but does no damage. 😨 HP[-34]
You take 34 damage, and now have 20/78 hp.
MASSIVE DAMAGE!! (PAUSE)
You barely miss the very large slime creature with your +0 war axe of venom.
You hit the slime creature with your +0 war axe of venom.
You kill the slime creature!
Okawaru accepts your kill.
You slash the slime creature with your +0 war axe of venom!
You slash the very large slime creature with your +4 hand axe of freezing!
You freeze the very large slime creature.
You barely miss the slime creature with your +4 hand axe of freezing.
The slime creature barely misses you. The very large slime creature hits you!
* * * LOW HITPOINT WARNING * * *
😱 HP[-14]
You take 14 damage, and now have 6/78 hp.
You hit the very large slime creature with your +0 war axe of venom.
You completely miss the slime creature with your +0 war axe of venom.
You hit the very large slime creature with your +4 hand axe of freezing.
You freeze the very large slime creature.
You hit the slime creature with your +4 hand axe of freezing.
You freeze the slime creature.
Unknown command.
Blink to where?
Press: ? - help, Dir - move target
As you read the scroll of blinking, it crumbles to dust. 😱 HP[+2]
You regained 2 hp, and now have 8/78 hp.
Aiming: Quicksilver Bolt
Press: ? - help, Q - select action, (/) - cycle Shift-Dir - straight line, f - very large slime creature
Aim: a very large slime creature (severely wounded, very poisoned, 94% to hit)
The bolt of dispelling energy hits the very large slime creature!! 😱 HP[+1]
Aiming: Quicksilver Bolt
Press: ? - help, Q - select action, (/) - cycle Shift-Dir - straight line, f/p - very large slime creature
Aim: a very large slime creature (almost dead, very poisoned, 94% to hit)
The bolt of dispelling energy hits the very large slime creature!! 😱 HP[+1] Two slime creatures merge to form an enormous slime creature. 😱 HP[+2]
You regained 2 hp, and now have 12/78 hp.
Okay, then.
Okay, then. 😱 HP[+1] 😱 HP[+1]
The enormous slime creature attacks as it pursues you!
The enormous slime creature hits you!
* * * LOW HITPOINT WARNING * * *
😱 HP[-8]
You take 8 damage, and now have 6/78 hp.
As you read the scroll of teleportation, it crumbles to dust.
You feel strangely unstable. The enormous slime creature hits you.
* * * LOW HITPOINT WARNING * * *
😱 HP[+1] Unknown command.
The enormous slime creature looks more healthy.
An enormous slime creature splits. 😱 HP[+2]
You regained 2 hp, and now have 9/78 hp.
The large slime creature attacks as it pursues you!
The large slime creature hits you but does no damage.
The large slime creature hits you!
You die...

Skill      XL: |  1  2  3  4  5  6  7  8  9 10 11 |
---------------+----------------------------------+-----
Axes           | 4 5 6 7 9 10 11 12 | 12.9
Armour         | 3 6 8 10 | 10.9
Evocations     | 3 6 7 |  7.0
Invocations    | 3 5 |  5.7
Fighting       | |  2.0
Throwing       | |  1.7
Dodging        | |  2.6

Action                     |  1- 3 |  4- 6 |  7- 9 | 10-12 || total
---------------------------+-------+-------+-------+-------++-------
  Melee: War axe           |    67 |   185 |   207 |   170 ||   629
         Spear             |       |       |   112 |       ||   112
         Hand axe          |       |       |     5 |   178 ||   183
  Evoke: Wand              |       |       |     2 |     7 ||     9
    Use: Scroll            |       |     7 |     4 |     7 ||    18
         Potion            |       |       |     3 |     8 ||    11
   Stab: Invisible         |       |       |       |     5 ||     5
 Armour: Leather armour    |     2 |       |       |       ||     2
         Plate armour      |    44 |       |    29 |   263 ||   336
         Scale mail        |       |    60 |   126 |       ||   186
  Dodge: Dodged            |    14 |    70 |   118 |    72 ||   274

Levels and vault maps discovered:
D:1:      nzn_arrival_settlement, layout_loops_ring, serial_aquarium,
          aquarium_bridge_square [aquarium_subvault_wall,
          aquarium_subvault_wall, aquarium_subvault_bridge,
          aquarium_subvault_window], aquarium_window_fake,
          aquarium_window_corridor_3, aquarium_view_2a, aquarium_view_2b,
          aquarium_balcony_5a
D:2:      layout_rooms, minmay_misc_feat_five, minmay_box_of_dots, uniq_natasha
D:3:      layout_basic, uniq_crazy_yiuf_cottage
D:4:      minmay_chambers_of_twos, layout_loops_ring,
          mainiacjoe_overflow_24_doors, nicolae_gozag_seed_capital,
          serial_bayou, serial_bayou_lagoon_b, serial_bayou_ford_a,
          serial_bayou_crossing, serial_bayou_pond_d
D:5:      layout_cave_pools
D:6:      layout_basic, minmay_temple_entry_offerings
D:7:      layout_gridville, overflow_temple_1_default,
          lemuel_coloured_pillars_altar
D:8:      layout_basic, general_overflow_altar, overflow_temple_1_default,
          nicolae_overflow_squiral, nrook_mini_vaults, dk_noncrumbling_2,
          st_stairs_10, minmay_fractal_squares_diagonal_5
D:9:      layout_cave_pools, regret_index_xom_of_box, david_lair_shrubbed,
          erik_orc_1, serial_shops, shop, nicolae_zig_zag_zippers, uniq_grum
D:10:     layout_roguey, lemuel_tele_altar, hangedman_abyss_or_decor_stabs,
          nicolae_underground_beach
D:12:     layout_roguey [special_room_bee], trog_hazing_becter, uniq_nessos
D:13:     layout_cave_pools, david_vaults_4, nrook_mini_backslash
Temple:   hellmonk_temple_flake

Notes
Turn   | Place    | Note
-------+----------+-------------------------------------------
     0 | D:1      | ytrimaz the Coglin Gladiator began the quest for the Orb.
     0 | D:1      | Reached XP level 1. HP: 16/16 MP: 1/1
     0 | D:1      | magus.rc [v1.9.6]
   211 | D:1      | Reached XP level 2. HP: 22/22 MP: 2/2
   943 | D:2      | Reached skill level 4 in Axes
   943 | D:2      | Reached XP level 3. HP: 24/27 MP: 3/3
   995 | D:2      | You add the spells Vhi's Electric Charge, Arcjolt and
                  | Maxwell's Capacitive Coupling to your library.
  1084 | D:2      | Reached XP level 4. HP: 33/33 MP: 4/4
  1165 | D:2      | Reached skill level 5 in Axes
  1271 | D:2      | Noticed Natasha
  1280 | D:2      | Killed Natasha
  1331 | D:2      | You pick up a book of Misfortune and begin reading...
  1331 | D:2      | You add the spells Jinxbite, Yara's Violent Unravelling and
                  | Enfeeble to your library.
  1394 | D:2      | Reached XP level 5. HP: 38/38 MP: 5/5
  1951 | D:3      | You pick up a book of Blasting and begin reading...
  1951 | D:3      | You add the spells Volatile Blastmotes, Fulminant Prism and
                  | Iskenderun's Mystic Blast to your library.
  2080 | D:3      | Reached skill level 6 in Axes
  2281 | D:3      | Found a runed translucent door.
  2282 | D:3      | Noticed Crazy Yiuf
  2495 | D:4      | Found an opulent altar of Gozag.
  2596 | D:4      | Reached XP level 6. HP: 37/44 MP: 6/6
  2654 | D:4      | Reached skill level 7 in Axes
  3057 | D:4      | Found a stormy altar of Qazlal.
  3093 | D:4      | You pick up a book of Geomancy and begin reading...
  3093 | D:4      | You add the spells Sandblast, Passwall, Stone Arrow and
                  | Brom's Barrelling Boulder to your library.
  3486 | D:5      | Entered Level 5 of the Dungeon
  3494 | D:5      | Reached XP level 7. HP: 32/50 MP: 7/7
  3572 | D:5      | Reached skill level 8 in Axes
  3769 | D:5      | Reached skill level 9 in Axes
  3871 | D:5      | Reached XP level 8. HP: 56/56 MP: 8/8
  4267 | D:6      | Identified the +6 spear "Vuyfev" {venom, rPois Dex+4}
  4370 | D:6      | Reached skill level 10 in Axes
  4393 | D:6      | Reached skill level 1 in Armour
  4393 | D:6      | Reached skill level 1 in Evocations
  4472 | D:6      | You pick up a book of Dreams and begin reading...
  4472 | D:6      | You add the spells Ensorcelled Hibernation, Fugue of the
                  | Fallen and Anguish to your library.
  4845 | D:6      | Found a staircase to the Ecumenical Temple.
  4849 | D:6      | Reached skill level 2 in Armour
  4849 | D:6      | Reached skill level 2 in Evocations
  4859 | D:6      | You add the spells Haunt, Borgnjor's Revivification and
                  | Death's Door to your library.
  5116 | Temple   | Entered the Ecumenical Temple
  5126 | Temple   | Became a worshipper of Warmaster Okawaru
  5234 | D:7      | Reached skill level 3 in Armour
  5234 | D:7      | Reached skill level 3 in Evocations
  5294 | D:7      | Found an ancient bone altar of Kikubaaqudgha.
  5311 | D:7      | Reached XP level 9. HP: 42/61 MP: 9/9
  5455 | D:7      | Reached skill level 4 in Armour
  5455 | D:7      | Reached skill level 4 in Evocations
  5583 | D:7      | Reached * piety under Okawaru
  5866 | D:7      | Reached skill level 5 in Armour
  5866 | D:7      | Reached skill level 5 in Evocations
  5933 | D:7      | Found a glowing silver altar of Zin.
  6126 | D:7      | HP: 14/57 [wight/+4 trident (10)]
  6192 | D:7      | Reached ** piety under Okawaru
  6557 | D:8      | Reached skill level 11 in Axes
  6575 | D:8      | Found a snail-covered altar of Cheibriados.
  6624 | D:8      | You pick up a book of Blood and begin reading...
  6666 | D:8      | Reached skill level 6 in Armour
  6666 | D:8      | Reached skill level 6 in Evocations
  6737 | D:8      | Learned a level 3 spell: Fugue of the Fallen
  6973 | D:8      | Found a blossoming altar of Fedhas.
  7085 | D:8      | Reached XP level 10. HP: 23/67 MP: 10/10
  7132 | D:8      | Found a sacrificial altar of Ru.
  7135 | D:8      | Found a hide-covered altar of Uskayaw.
  7361 | D:9      | Reached skill level 1 in Invocations
  7365 | D:9      | Reached *** piety under Okawaru
  7547 | D:9      | Noticed Grum
  7562 | D:9      | Reached skill level 7 in Evocations
  7567 | D:9      | Killed Grum
  7568 | D:9      | Reached skill level 7 in Armour
  7568 | D:9      | Reached skill level 2 in Invocations
  7654 | D:9      | Found Lefa's Magic Scroll Boutique.
  7662 | D:9      | Bought a scroll of fear for 48 gold pieces
  7662 | D:9      | Bought a scroll of identify for 24 gold pieces
  7702 | D:9      | Found a shimmering altar of Xom.
  7711 | D:9      | Reached **** piety under Okawaru
  7851 | D:9      | Found a staircase to the Orcish Mines.
  7861 | D:9      | Reached skill level 3 in Invocations
  8155 | D:9      | Found a staircase to the Lair.
  8161 | D:9      | Reached skill level 8 in Armour
  8254 | D:10     | Entered Level 10 of the Dungeon
  8299 | D:10     | Reached XP level 11. HP: 57/72 MP: 13/13
  8311 | D:10     | Reached skill level 12 in Axes
  8351 | D:10     | Found an ornate altar of the Wu Jian Council.
  8481 | D:10     | You fall into a shaft and drop 3 floors!
  8501 | D:13     | Noticed a manticore
  8512 | D:13     | Killed a manticore
  8512 | D:13     | Reached ***** piety under Okawaru
  8513 | D:13     | Reached skill level 9 in Armour
  8513 | D:13     | Reached skill level 4 in Invocations
  8535 | D:13     | Noticed a two-headed ogre
  8544 | D:13     | Killed a two-headed ogre
  8544 | D:13     | Noticed a tengu warrior
  8554 | D:13     | Killed a tengu warrior
  8557 | D:13     | Noticed a centaur warrior
  8560 | D:13     | HP: 18/72 [centaur warrior/arrow (8)]
  8565 | D:13     | Noticed a cyclops
  8566 | D:13     | Killed a centaur warrior
  8566 | D:13     | Received a gift from Okawaru
  8570 | D:13     | HP: 17/72 [cyclops (18)]
  8571 | D:13     | HP: 8/72 [gargoyle/+0 mace (10)]
  8572 | D:13     | Killed a cyclops
  8618 | D:13     | Noticed a manticore
  8618 | D:13     | Noticed a centaur warrior
  8627 | D:13     | Noticed a two-headed ogre
  8629 | D:13     | Killed a centaur warrior
  8630 | D:13     | Reached skill level 10 in Armour
  8632 | D:13     | Noticed an ice dragon
  8636 | D:13     | Killed a two-headed ogre
  8637 | D:13     | Reached skill level 5 in Invocations
  8646 | D:13     | Killed an ice dragon
  8651 | D:13     | Killed a manticore
  8651 | D:13     | Received a gift from Okawaru
  8652 | D:13     | Noticed a catoblepas
  8655 | D:13     | HP: 7/72 [catoblepas (14)]
  8657 | D:13     | Killed a catoblepas
  8658 | D:13     | Reached XP level 12. HP: 9/78 MP: 14/16
  8940 | D:12     | HP: 6/78 [very large slime creature (15)]
  8948 | D:12     | HP: 6/78 [enormous slime creature (9)]
  8951 | D:12     | Slain by a large slime creature

Vanquished Creatures
  An ice dragon (D:13)
  A catoblepas (D:13)
  2 centaur warriors (D:13)
  2 two-headed ogres (D:13)
  A tengu warrior (D:13)
  An arcanist (D:13)
  2 manticores (D:13)
  A cyclops (D:13)
  2 gargoyles (D:13)
  A kobold demonologist (D:12)
  A komodo dragon (D:9)
  A troll (D:9)
  2 slime creatures (D:12)
  9 yaks
  A wyvern (D:9)
  A fire bat (D:9)
  A basilisk (D:12)
  Grum (D:9)
  4 steam dragons
  An acid dragon (D:10)
  5 water moccasins
  A hell hound (D:9)
  3 orc warriors
  A sky beast (D:9)
  A swamp drake (D:9)
  2 ice beasts
  2 black bears
  2 ogres
  4 wolves (D:9)
  4 centaurs
  2 phantoms (D:4)
  A kobold brigand (D:10)
  4 bullfrogs
  5 scorpions
  5 wights (D:7)
  5 killer bees (D:7)
  3 electric eels (D:8)
  6 howler monkeys
  A hound (D:7)
  2 jellies
  4 orc priests
  5 iguanas
  6 orc wizards
  Natasha (D:2)
  A gnoll (D:8)
  12 adders
  A shadow imp (D:8)
  3 white imps
  2 ufetubi (D:7)
  A dart slug (D:4)
  3 ribbon worms (D:2)
  25 orcs
  3 bats
  2 endoplasms (D:4)
  4 giant cockroaches
  7 hobgoblins
  2 jackals (D:5)
  11 kobolds
  7 quokkas
  3 ball pythons
  A frilled lizard (D:3)
  8 goblins
  3 rats (D:3)
210 creatures vanquished.

Table legend:
 A = Non-vault XP
 B = Vault XP
 C = Vault XP percentage of total XP
 D = Non-vault monster count
 E = Vault monster count
 F = Vault count percentage of total count
                 A         B        C        D         E       F
            +---------+---------+-------+---------+---------+-------
      Total |   15191 |    5431 |  26.3 |     161 |      49 |  23.3
            +---------+---------+-------+---------+---------+-------
        D:1 |      22 |       0 |   0.0 |       8 |       0 |   0.0
        D:2 |     124 |      42 |  25.3 |      22 |       3 |  12.0
        D:3 |      83 |       0 |   0.0 |      14 |       0 |   0.0
        D:4 |      63 |     260 |  80.5 |      15 |       8 |  34.8
        D:5 |     867 |       0 |   0.0 |      12 |       0 |   0.0
        D:6 |     651 |       0 |   0.0 |      14 |       0 |   0.0
        D:7 |    1671 |       0 |   0.0 |      26 |       0 |   0.0
        D:8 |     567 |     423 |  42.7 |       9 |       7 |  43.8
        D:9 |    1619 |    2361 |  59.3 |      12 |      28 |  70.0
       D:10 |    1561 |       0 |   0.0 |      11 |       0 |   0.0
       D:12 |    1042 |       0 |   0.0 |       4 |       0 |   0.0
       D:13 |    6921 |    2345 |  25.3 |      14 |       3 |  17.6
            +---------+---------+-------+---------+---------+-------

Skill      XL: |  1  2  3  4  5  6  7  8  9 10 11 |
---------------+----------------------------------+-----
Axes           | 4 5 6 7 9 10 11 12 | 12.9
Armour         | 3 6 8 10 | 10.9
Evocations     | 3 6 7 |  7.0
Invocations    | 3 5 |  5.7
Fighting       | |  2.0
Throwing       | |  1.7
Dodging        | |  2.6

Action                     |  1- 3 |  4- 6 |  7- 9 | 10-12 || total
---------------------------+-------+-------+-------+-------++-------
  Melee: War axe           |    67 |   185 |   207 |   170 ||   629
         Spear             |       |       |   112 |       ||   112
         Hand axe          |       |       |     5 |   178 ||   183
  Evoke: Wand              |       |       |     2 |     7 ||     9
    Use: Scroll            |       |     7 |     4 |     7 ||    18
         Potion            |       |       |     3 |     8 ||    11
   Stab: Invisible         |       |       |       |     5 ||     5
 Armour: Leather armour    |     2 |       |       |       ||     2
         Plate armour      |    44 |       |    29 |   263 ||   336
         Scale mail        |       |    60 |   126 |       ||   186
  Dodge: Dodged            |    14 |    70 |   118 |    72 ||   274

Illustrated notes

Table legend:
 A = Kills in this place as a percentage of kills in the entire game.
 B = Kills by you in this place as a percentage of kills by you in the entire game.
 C = Kills by friends in this place as a percentage of kills by friends in the entire game.
 D = Other kills in this place as a percentage of other kills in the entire game.
 E = Experience gained in this place as a percentage of experience gained in the entire game.
 F = Experience gained in this place divided by the number of levels of this place that you have seen.
                   A       B       C       D       E      F
               +-------+-------+-------+-------+-------+----------------------
         Total | 100.0 | 100.0 |   N/A |   N/A | 100.0 | 1586.3
       Dungeon | 100.0 | 100.0 |   N/A |   N/A | 100.0 | 1718.5
               +-------+-------+-------+-------+-------+----------------------

Table legend: (Time is in decaauts)
 A = Elapsed time spent in this place.
 B = Non-inter-level travel time spent in this place.
 C = Inter-level travel time spent in this place.
 D = Time resting spent in this place.
 E = Time spent auto-exploring this place.
 F = Levels seen in this place.
 G = Mean time per level.
                   A        B        C        D        E       F      G
               +--------+--------+--------+--------+--------+-----+--------+
         Total |   9388 |   8992 |    396 |    240 |   7099 |  13 |  722.2 |
       Dungeon |   9366 |   8980 |    386 |    240 |   7099 |  12 |  780.5 |
        Temple |     21 |     11 |     10 |      0 |      0 |   1 |   21.0 |
               +--------+--------+--------+--------+--------+-----+--------+

Top non-repeatable levels by time:
     D:7: 1156 daAuts
     D:4: 1150 daAuts
     D:8: 1149 daAuts
     D:9: 941 daAuts
     D:1: 939 daAuts
     D:3: 915 daAuts
     D:6: 899 daAuts
     D:5: 807 daAuts
     D:2: 679 daAuts
    D:13: 417 daAuts
    D:10: 243 daAuts
    D:12: 65 daAuts
  Temple: 21 daAuts
